 Dungeon Crawl Stone Soup version 0.20.1-1-g8b1a95d (webtiles) character file.

140 papiloppo the Chopper (level 5, -3/47 HPs)
             Began as a Minotaur Berserker on Nov 28, 2017.
             Was a Believer of Trog.
             Slain by a gnoll
             ... wielding a +1 spear of freezing
              (4 damage)
             ... on level 3 of the Dungeon.
             The game lasted 00:02:58 (2058 turns).

papiloppo the Chopper (Minotaur Berserker)          Turns: 2058, Time: 00:02:59

Health: -3/47      AC:  7    Str: 23    XL:     5   Next: 2%
Magic:  4/4        EV: 11    Int:  4    God:    Trog [**....]
Gold:   85         SH:  0    Dex:  9    Spells: 4/4 levels left

rFire    . . .     SeeInvis .   a - +0 hand axe
rCold    . . .     Gourm    .   (no shield)
rNeg     . . .     Faith    .   e - +0 scale mail
rPois    .         Spirit   .   (helmet restricted)
rElec    .         Reflect  .   (no cloak)
rCorr    .         Harm     .   (no gloves)
MR       .....                  (no boots)
Stlth    ..........             (no amulet)
Regen    0.2/turn               (no ring)
MPRegen  0.1/turn               (no ring)

@: no status effects
A: retaliatory headbutt, horns 2
a: Berserk, Trog's Hand, Burn Spellbooks, Renounce Religion


You were on level 3 of the Dungeon.
You worshipped Trog.
Trog was pleased with you.
You were not hungry.

You visited 1 branch of the dungeon, and saw 3 of its levels.

You collected 85 gold pieces.

Inventory:

Hand Weapons
 a - a +0 hand axe (weapon)
Armour
 b - a +0 animal skin
 e - a +0 scale mail (worn)
 n - a +0 ring mail
Wands
 o - a wand of paralysis (11/24)
Scrolls
 d - a scroll of enchant armour {unknown}
 f - a scroll of teleportation {unknown}
 i - 2 scrolls of identify {unknown}
 j - 3 scrolls of remove curse {unknown}
 m - a scroll of fog {unknown}
Potions
 g - a potion of cancellation {unknown}
 h - 2 potions of agility {unknown}
 l - a potion of resistance {unknown}
Comestibles
 c - 3 bread rations
 k - a meat ration


   Skills:
 + Level 4.5 Fighting
 + Level 5.0 Axes
 + Level 3.7 Armour
 + Level 3.2 Dodging


You had 4 spell levels left.
You didn't know any spells.

Dungeon Overview and Level Annotations

Branches:
Dungeon (3/15)

Altars:


Innate Abilities, Weirdness & Mutations

You reflexively headbutt those who attack you in melee.
You have a pair of horns on your head.


Message History

Trog accepts your kill.
You have reached level 5!
You closely miss the gnoll.
The gnoll hits you with a spear of freezing.
* * * LOW HITPOINT WARNING * * *
The gnoll freezes you.
* * * LOW HITPOINT WARNING * * *
You hit the gnoll.
The gnoll is moderately wounded.
The gnoll hits you with a spear of freezing.
* * * LOW HITPOINT WARNING * * *
The gnoll freezes you.
* * * LOW HITPOINT WARNING * * *
You barely miss the gnoll.
The gnoll is moderately wounded.
The gnoll barely misses you.
You closely miss the gnoll. You headbutt the gnoll.
The gnoll is severely wounded.
The gnoll hits you with a spear of freezing.
You die...

#........######.####
#...[...............
#........###....####
#........##..##.#...
####........###.#.##
#..####### #...##
##..# ##<.### ##...#
####..#### #g@†##
#......... #.).##
#......... #..##
#......<.. ....
#....†...[ #...#
#.....)).. ....#
###......†). .....
............ ###..
............
............


You could see a gnoll.

Vanquished Creatures
  An orc priest (D:3)
  3 gnolls (D:3)
  4 adders
  A leopard gecko (D:2)
  4 orcs (D:3)
  A ball python (D:3)
  2 bats
  A giant cockroach (D:2)
  3 hobgoblins
  3 jackals (D:1)
  3 quokkas
  4 frilled lizards (D:1)
  5 goblins
  3 kobolds
  6 rats
44 creatures vanquished.

Notes
Turn   | Place    | Note
-------+----------+-------------------------------------------
     0 | D:1      | papiloppo the Minotaur Berserker began the quest for the Orb.
     0 | D:1      | Reached XP level 1. HP: 19/19 MP: 0/0
   294 | D:1      | Reached XP level 2. HP: 27/27 MP: 1/1
   428 | D:1      | Reached skill level 4 in Axes
   800 | D:2      | Reached XP level 3. HP: 21/33 MP: 2/2
  1962 | D:3      | Reached ** piety under Trog
  1963 | D:3      | Reached XP level 4. HP: 41/41 MP: 3/3
  2051 | D:3      | Reached skill level 5 in Axes
  2055 | D:3      | Reached XP level 5. HP: 14/47 MP: 4/4
  2056 | D:3      | HP: 2/47 [gnoll/spear of freezing (6)]
  2058 | D:3      | Slain by a gnoll

Skill      XL: |  1  2  3  4 |
---------------+-------------+-----
Axes           | 4 5 |  5.0
Fighting       | 4 |  4.5
Armour         | 3 |  3.7
Dodging        | 3 |  3.2

Action                   |  1- 3 |  4- 6 || total
-------------------------+-------+-------++-------
Melee: Hand axe          |    72 |    17 ||    89
       Headbutt          |     7 |     4 ||    11
Invok: Berserk           |     1 |       ||     1
  Eat: Chunk             |     3 |     1 ||     4
Armor: Scale mail        |    19 |     7 ||    26
       Animal skin       |     2 |       ||     2
Dodge: Dodged            |    45 |    21 ||    66
